 Dungeon Crawl Stone Soup version 0.26-a0-466-g989023bd0d (webtiles) character file.

Game seed: 15393341046686779873

28618 HoaS the Brawler (level 13, -1/108 HPs)
             Began as a Ghoul Gladiator on Aug 9, 2020.
             Was a High Priest of Makhleb.
             Slain by a seven-headed hydra (4 damage)
             ... on level 3 of the Lair of Beasts.
             The game lasted 00:33:19 (14416 turns).

HoaS the Brawler (Ghoul Gladiator)                 Turns: 14416, Time: 00:33:20

Health: -1/108     AC: 18    Str: 20    XL:     13   Next: 40%
Magic:  0/12       EV:  9    Int:  3    God:    Makhleb [*****.]
Gold:   799        SH:  0    Dex: 13    Spells: 12/12 levels left

rFire    . . .     SeeInvis .     - Unarmed
rCold    + + .     Faith    .   (no shield)
rNeg     + + +     Spirit   +   h - +0 plate armour
rPois    ∞         Reflect  .   b - +1 helmet
rElec    .         Harm     .   m - +1 cloak
rCorr    .                      (no gloves)
MR       +....                  B - +0 pair of boots
Stlth    ..........             p - amulet of guardian spirit
HPRegen  0.00/turn              d - ring of protection from magic
MPRegen  0.13/turn              z - ring of protection from cold

@: no status effects
A: rotting body, claws 1, cold resistance 1, negative energy resistance 3,
inhibited regeneration, torment resistance, unbreathing
a: Minor Destruction, Lesser Servant of Makhleb, Major Destruction, Greater
Servant of Makhleb, Renounce Religion


You were on level 3 of the Lair of Beasts.
You worshipped Makhleb.
Makhleb was extremely pleased with you.
You visited 3 branches of the dungeon, and saw 15 of its levels.
You also visited: Bailey.

You collected 799 gold pieces.

Inventory:

Missiles
 c - 11 throwing nets (quivered)
 g - 10 javelins
 n - 7 boomerangs
 o - 21 poisoned darts
 q - 7 silver javelins
 H - 2 silver boomerangs
Armour
 b - a +1 helmet (worn)
 h - a +0 plate armour (worn)
 m - a +1 cloak (worn)
 B - a +0 pair of boots (worn)
Jewellery
 a - an uncursed ring of see invisible
 d - a ring of protection from magic (left claw)
 p - an amulet of guardian spirit (around neck)
 z - a ring of protection from cold (right claw)
 F - an uncursed ring of ice
Wands
 s - a wand of polymorph (18)
 t - a wand of paralysis (7)
 C - a wand of flame (46)
 D - a wand of acid (15)
 E - a wand of digging (6)
 I - a wand of disintegration (10)
 K - a wand of iceblast (3)
Scrolls
 e - 2 scrolls of fear
 u - 5 scrolls of teleportation
 w - 6 scrolls of blinking
 x - a scroll of identify
 y - 4 scrolls of remove curse
 G - a scroll of magic mapping
Potions
 f - 4 potions of heal wounds
 i - 2 potions of invisibility
 j - 6 potions of curing
 k - 6 potions of flight
 l - 2 potions of resistance
 r - 2 potions of haste
 v - a potion of cancellation
 J - 2 potions of might


   Skills:
 + Level 8.4 Fighting
 - Level 1.7 Throwing
 + Level 6.7 Armour
 + Level 7.4 Dodging
 * Level 18.7 Unarmed Combat


You had 12 spell levels left.
You didn't know any spells.
Your spell library contained the following spells:

 Spells                   Type           Power        Failure   Level
 Sting                    Tmut/Pois      #...         100%        1
 Poisonous Vapours        Pois/Air       #.....       100%        2
 Confusing Touch          Hex            #.......     100%        3
 Gell's Gravitas          Tloc           #.........   100%        3
 Ignite Poison            Fire/Tmut/Pois #.......     100%        3
 Mephitic Cloud           Conj/Pois/Air  #.......     100%        3
 Olgreb's Toxic Radiance  Pois           #.......     100%        4
 Petrify                  Tmut/Erth      #.......     100%        4
 Metabolic Englaciation   Hex/Ice        #.........   100%        5
 Yara's Violent Unravell  Hex/Tmut       #.........   100%        5


Dungeon Overview and Level Annotations

Branches:
Dungeon (10/15)            Temple (1/1) D:5            Lair (4/6) D:8
  Swamp (0/4) Lair:4       Spider (0/4) Lair:3          Orc (0/2) D:9
 Bailey (visited)

Altars:
Ashenzari
Cheibriados
Dithmenos
Elyvilon
Fedhas
Gozag
Hepliaklqana
Kikubaaqudgha
Makhleb
Nemelex Xobeh
Okawaru
Qazlal
Ru
Sif Muna
Trog
Uskayaw
Vehumet
Wu Jian
Xom
Yredelemnul
Zin
The Shining One

Shops:
D:7 *   D:8 (   D:9 [

Annotations:
Lair:2 2 transporters, Suoleg's ghost, journeyman FoFi


Innate Abilities, Weirdness & Mutations

Your body is rotting away.
You thrive by killing the living.
You are immune to poison.
You have sharp fingernails.
Your flesh is cold resistant. (rC+)
You are immune to negative energy. (rN+++)
You do not regenerate when monsters are visible.
You are immune to unholy pain and torment.
You can survive without breathing.


Message History

* * * LOW HITPOINT WARNING * * *
The seven-headed hydra bites you but does no damage.
You claw the seven-headed hydra!
The seven-headed hydra is heavily wounded.
The seven-headed hydra bites you but does no damage.
The seven-headed hydra bites you.
* * * LOW HITPOINT WARNING * * *
The seven-headed hydra bites you.
* * * LOW HITPOINT WARNING * * *
The seven-headed hydra bites you but does no damage.
The seven-headed hydra bites you.
* * * LOW HITPOINT WARNING * * *
The seven-headed hydra bites you but does no damage. x2
You mangle the seven-headed hydra!!
The seven-headed hydra is almost dead.
You completely miss the seven-headed hydra.
The seven-headed hydra is almost dead.
The seven-headed hydra bites you but does no damage.
The seven-headed hydra bites you.
You die...

...## #......P#######...## ....#
##.....P##...#....## ### ...P#
#P...............P###.. ...##
#.............##.......
...########.#..........##........
....PP#.#..##........#####.......
.....................# ##.......
..###P.........##D†.)# ##........
.##.............@#>..# #.........
..###............##†.# ##........
.###...........#..#.## #........
## ##..........##...# ##......# #
####...########## #..#.##. #####
########


You could see a seven-headed hydra.

Vanquished Creatures
  Snorg (D:10)
  Harold (D:10)
  2 hydras
  Fannar (D:10)
  Erica (D:9)
  A two-headed ogre (D:9)
  Urug (D:10)
  2 death yaks (Lair:3)
  3 unseen horrors (D:10)
  Joseph (D:7)
  6 elephants (Lair:3)
  5 cane toads
  Maggie (D:10)
  A rime drake (Lair:2)
  3 komodo dragons
  A troll (D:10)
  Grinder (D:6)
  4 hippogriffs
  Prince Ribbit (D:8)
  A meliai zombie (D:9)
  3 wyverns
  A wraith (D:10)
  12 yaks
  5 basilisks
  Grum (D:8)
  Menkaure (D:4)
  4 water moccasins
  8 orc warriors
  10 porcupines
  2 sky beasts
  A black bear (Lair:2)
  3 ice beasts
  5 necrophages
  An ogre (D:5)
  A phantom (D:6)
  5 centaurs
  19 wolves
  5 crocodiles
  A big kobold (D:7)
  12 bullfrogs
  8 gnoll sergeants (Bailey)
  11 killer bees
  3 scorpions
  13 wights
  3 howler monkeys (D:8)
  A bullfrog zombie (D:10)
  A centaur zombie (D:9)
  7 hounds
  2 quasits (D:7)
  3 jellies (D:10)
  9 orc priests
  Crazy Yiuf (D:2)
  2 bullfrog skeletons
  7 gnoll shamans
  Jessica (D:3)
  6 iguanas
  15 orc wizards
  10 worker ants
  A killer bee zombie (D:5)
  A hound skeleton (D:6)
  28 gnolls
  9 adders
  3 shadow imps
  2 white imps
  An ufetubus (D:10)
  An ooze (D:5)
  An adder skeleton (D:9)
  An adder zombie (D:5)
  4 worms
  3 leopard geckos
  52 orcs
  4 bats
  7 giant cockroaches
  10 goblins
  7 hobgoblins
  11 jackals
  2 quokkas
  4 ball pythons
  A ball python skeleton (D:4)
  6 frilled lizards
  A giant cockroach zombie (D:5)
  12 kobolds
  A leopard gecko zombie (D:5)
  7 rats
421 creatures vanquished.

Vanquished Creatures (others)
  A sky beast (D:7)
  A bush (D:8)
  A fungus (Lair:2)
  9 plants
12 creatures vanquished.

Grand Total: 433 creatures vanquished

Notes
Turn   | Place    | Note
-------+----------+-------------------------------------------
     0 | D:1      | HoaS the Ghoul Gladiator began the quest for the Orb.
     0 | D:1      | Reached XP level 1. HP: 17/17 MP: 0/0
   149 | D:1      | Reached XP level 2. HP: 23/24 MP: 1/1
   171 | D:1      | Reached skill level 4 in Unarmed Combat
   441 | D:1      | Reached XP level 3. HP: 24/29 MP: 2/2
  1034 | D:2      | Reached skill level 5 in Unarmed Combat
  1061 | D:2      | Reached XP level 4. HP: 22/36 MP: 3/3
  1183 | D:2      | Found a runed translucent door.
  1184 | D:2      | Noticed Crazy Yiuf
  1276 | D:2      | Found a snail-covered altar of Cheibriados.
  1701 | D:2      | Killed Crazy Yiuf
  1808 | D:3      | Found a shattered altar of Ashenzari.
  1860 | D:3      | Reached skill level 6 in Unarmed Combat
  1927 | D:3      | Reached XP level 5. HP: 41/41 MP: 4/4
  2144 | D:3      | Found a radiant altar of Vehumet.
  2144 | D:3      | Noticed Jessica
  2150 | D:3      | Killed Jessica
  2328 | D:4      | Noticed Menkaure
  2333 | D:4      | Killed Menkaure
  2333 | D:4      | Reached skill level 7 in Unarmed Combat
  2333 | D:4      | Reached XP level 6. HP: 39/48 MP: 5/5
  2372 | D:4      | Paralysed by a gnoll for 7 turns
  2411 | D:3      | Reached skill level 8 in Unarmed Combat
  2624 | D:4      | Reached XP level 7. HP: 39/55 MP: 4/6
  3193 | D:5      | Entered Level 5 of the Dungeon
  3199 | D:5      | Reached skill level 9 in Unarmed Combat
  3519 | D:5      | Reached skill level 10 in Unarmed Combat
  3519 | D:5      | Reached XP level 8. HP: 13/61 MP: 2/7
  3799 | D:5      | Found a sacrificial altar of Ru.
  3799 | D:5      | Found a staircase to the Ecumenical Temple.
  3831 | Temple   | Entered the Ecumenical Temple
  4312 | Temple   | Became a worshipper of Makhleb the Destroyer
  4547 | D:5      | Found a sacrificial altar of Ru.
  4547 | D:5      | Found a hazy altar of Hepliaklqana.
  4561 | D:5      | Found a basalt altar of Yredelemnul.
  4568 | D:5      | Found a shimmering blue altar of Sif Muna.
  4688 | D:5      | Reached skill level 11 in Unarmed Combat
  4892 | D:5      | Reached * piety under Makhleb
  5095 | D:6      | Noticed Grinder
  5106 | D:6      | Killed Grinder
  5406 | D:5      | HP: 3/61 [orc warrior/+0 battleaxe (18)]
  5410 | D:5      | Reached skill level 12 in Unarmed Combat
  5415 | D:5      | Reached XP level 9. HP: 10/67 MP: 1/8
  5826 | D:6      | Reached skill level 13 in Unarmed Combat
  6040 | D:6      | Reached ** piety under Makhleb
  6673 | D:7      | Noticed Joseph
  6701 | D:7      | Killed Joseph
  6701 | D:7      | Reached skill level 14 in Unarmed Combat
  6891 | D:7      | Reached XP level 10. HP: 72/73 MP: 9/9
  6898 | D:7      | Found Loilar's General Store.
  6932 | D:7      | Found a flagged portal.
  6953 | Bailey   | Entered a bailey
  7166 | Bailey   | Reached skill level 15 in Unarmed Combat
  7224 | Bailey   | Reached *** piety under Makhleb
  7276 | Bailey   | Identified the +7 morningstar of Nesuf {freeze, rC+ Int+5}
  8102 | D:7      | Found an ancient bone altar of Kikubaaqudgha.
  8102 | D:7      | Found a white marble altar of Elyvilon.
  8345 | D:8      | Reached **** piety under Makhleb
  8348 | D:8      | Noticed Prince Ribbit
  8360 | D:8      | Killed Prince Ribbit
  8360 | D:8      | Reached skill level 16 in Unarmed Combat
  8384 | D:8      | Found Fueki's Antique Weapon Shop.
  8407 | D:8      | Reached skill level 1 in Armour
  8422 | D:8      | Found a staircase to the Lair.
  8456 | D:8      | Reached XP level 11. HP: 51/82 MP: 3/10
  8667 | D:8      | Noticed Grum
  8689 | D:8      | Killed Grum
  8700 | D:8      | Found an opulent altar of Gozag.
  8702 | D:8      | Found a sparkling altar of Nemelex Xobeh.
  9015 | D:9      | Found a staircase to the Orcish Mines.
  9345 | D:9      | Found Gatwily's Armour Shop.
  9370 | D:9      | Noticed Erica
  9387 | D:9      | Killed Erica
  9816 | D:9      | Noticed a two-headed ogre
  9823 | D:9      | Killed a two-headed ogre
  9951 | D:10     | Entered Level 10 of the Dungeon
  9985 | D:10     | Reached ***** piety under Makhleb
  9985 | D:10     | Reached skill level 5 in Fighting
 10004 | D:10     | Reached skill level 17 in Unarmed Combat
 10073 | D:10     | Reached skill level 5 in Dodging
 10146 | D:10     | Noticed an unseen horror
 10157 | D:10     | Killed an unseen horror
 10185 | D:10     | Noticed Maggie
 10197 | D:10     | Killed Maggie
 10329 | D:10     | Noticed Fannar
 10350 | D:10     | Killed Fannar
 10350 | D:10     | Reached XP level 12. HP: 95/95 MP: 8/11
 10491 | D:10     | Noticed Harold
 10511 | D:10     | Killed Harold
 10518 | D:10     | Identified the ring "Somaloyc" {Ice *Slow rPois rN+ Dex+3}
 10518 | D:10     | Noticed Urug
 10537 | D:10     | Killed Urug
 10547 | D:10     | Noticed Snorg
 10570 | D:10     | Killed Snorg
 10570 | D:10     | Reached skill level 5 in Armour
 11287 | Lair:1   | Entered Level 1 of the Lair of Beasts
 11978 | Lair:2   | Found a transporter.
 11987 | Lair:2   | Noticed Suoleg's ghost (journeyman FoFi)
 12057 | Lair:2   | Found a transporter.
 12104 | Lair:2   | Reached skill level 18 in Unarmed Combat
 12476 | Lair:2   | Noticed a six-headed hydra
 12490 | Lair:2   | Killed a six-headed hydra
 13110 | Lair:3   | Found a hole to the Spider Nest.
 13150 | Lair:3   | Reached XP level 13. HP: 95/107 MP: 9/12
 14385 | Lair:4   | Found a staircase to the Swamp.
 14414 | Lair:3   | HP: 3/108 [seven-headed hydra (3)]
 14416 | Lair:3   | Slain by a seven-headed hydra

Illustrated notes

Levels and vault maps discovered:
D:1:      minmay_arrival_cross, layout_basic
D:2:      layout_loops_cross, lemuel_round_altar, minmay_vboxes,
          uniq_crazy_yiuf_cottage
D:3:      layout_basic, evilmike_ruin_ashenzari, overflow_temple_1_default,
          minmay_liquid_box, uniq_jessica
D:4:      layout_loops_ring, minmay_bisected, uniq_menkaure
D:5:      layout_layer_cave, grunt_temple_overflow_open,
          minmay_temple_entry_tees, basic_altar, kennysheep_nondescript,
          chequers_serial_rivers_small_b, minmay_quadrilaterals
D:6:      layout_cave_pods, serial_park, serial_park_gazebo
          [serial_park_minivault_5x5_5], serial_park_avenue1,
          serial_park_tiny_1, uniq_grinder
D:7:      cheibrodos_iron_armory, layout_loops_ring,
          gammafunk_temple_overflow_statue, serial_glass, glass_columns_a,
          glass_columns_b, enter_bailey_1, serial_shops,
          nicolae_shop_statue_plus, uniq_joseph
D:8:      layout_basic, grunt_temple_overflow_opulence, minmay_lair_entry_grove,
          serial_shops, nicolae_shop_statue_plus, uniq_grum, uniq_prince_ribbit1
D:9:      layout_gridville, orc_0_dummy, serial_shops, nicolae_shop_waterfront,
          uniq_erica
D:10:     layout_basic, uniq_maggie, uniq_harold, uniq_fannar, uniq_snorg,
          uniq_urug
Temple:   minmay_freezing_vapour_temple
Lair:1:   layout_roguey
Lair:2:   layout_cave_pods, gammafunk_ghost_arena, serial_bayou_shore_b,
          lemuel_fruit_fields
Lair:3:   layout_cave_pods, nicolae_spider_entry_non_spiders,
          roderic_carrion_pond
Lair:4:   layout_cave_pods, minmay_swamp_entry_reptiles

Skill      XL: |  1  2  3  4  5  6  7  8  9 10 11 12 13 |
---------------+----------------------------------------+-----
Unarmed Combat | 4 5 6 7 8 10 12 14 16 17 18 | 18.7
Armour         | 1 4 6 |  6.7
Dodging        | 3 5 6 7 |  7.4
Fighting       | 3 5 7 8 |  8.4
Throwing       | |  1.7

Action                   |  1- 3 |  4- 6 |  7- 9 | 10-12 | 13-15 || total
-------------------------+-------+-------+-------+-------+-------++-------
Melee: Unarmed           |   125 |   106 |   380 |   715 |   143 ||  1469
       Punch             |     1 |     2 |    16 |    45 |    15 ||    79
Throw: Javelin           |       |       |     5 |       |       ||     5
       Throwing net      |       |       |     6 |     6 |       ||    12
       Dart              |       |       |       |     4 |       ||     4
  Use: Scroll            |     6 |     9 |     6 |     8 |     2 ||    31
       Potion            |       |       |     1 |     1 |     1 ||     3
 Stab: Held in net/web   |       |       |     3 |       |       ||     3
Armor: Leather armour    |    31 |       |       |       |       ||    31
       Plate armour      |    13 |    75 |   223 |   358 |   102 ||   771
Dodge: Dodged            |    58 |    25 |    95 |   208 |    75 ||   461

Table legend: (Time is in decaauts)
 A = Elapsed time spent in this place.
 B = Non-inter-level travel time spent in this place.
 C = Inter-level travel time spent in this place.
 D = Time resting spent in this place.
 E = Time spent auto-exploring this place.
 F = Levels seen in this place.
 G = Mean time per level.
                   A        B        C        D        E       F      G
               +--------+--------+--------+--------+--------+-----+--------+
         Total |  14053 |  13428 |    625 |   3070 |   7566 |  16 |  878.3 |
       Dungeon |   9671 |   9206 |    465 |   1993 |   5213 |  10 |  967.1 |
        Temple |    486 |    486 |      0 |    456 |     11 |   1 |  486.0 |
          Lair |   3033 |   2873 |    160 |    439 |   1994 |   4 |  758.2 |
        Bailey |    862 |    862 |      0 |    182 |    347 |   1 |  862.0 |
               +--------+--------+--------+--------+--------+-----+--------+

Top non-repeatable levels by time:
     D:5: 1921 daAuts
  Lair:3: 1289 daAuts
    D:10: 1236 daAuts
  Lair:2: 1020 daAuts
     D:9: 1013 daAuts
     D:1: 945 daAuts
  Bailey: 862 daAuts
     D:2: 828 daAuts
     D:7: 823 daAuts
     D:6: 762 daAuts
     D:8: 741 daAuts
     D:4: 726 daAuts
  Lair:1: 682 daAuts
     D:3: 671 daAuts
  Temple: 486 daAuts
